[Event "Titled Tuesday Blitz January 10 Early 2023"]
[White "Melaugh, Shane"]
[Black "Lahav, Michal"]
[WhiteFideId "2509580"]
[BlackFideId "2813742"]
[WhiteElo "2115"]
[BlackElo "2187"]
[Result "0-1"]
[Round "02"]
[TimeControl "180+2"]
[Date "2023.01.10"]
[WhiteClock "0:00:06"]
[BlackClock "0:00:06"]

1. c4 c5 2. Nc3 g6 3. g3 Bg7 4. Bg2 e5 5. e4 Ne7 6. Nge2 O-O 7. d3 Nbc6 8. h4 d6 9. h5 a6 10. Be3 Rb8 11. a4 Nd4 12. h6 Bh8 13. Bg5 f6 14. Bd2 Nec6 15. Nxd4 Nxd4 16. O-O b5 17. axb5 axb5 18. cxb5 Nxb5 19. Nd5 Be6 20. Ba5 Qd7 21. Nc3 Nd4 22. Na4 Bb3 23. Qc1 Ne2+ 24. Kh2 Nxc1 25. Nb6 Qb5 26. Rfxc1 Rxb6 27. Bxb6 Qxb6 28. Rc3 f5 29. exf5 gxf5 30. Rcc1 Bf6 31. Ra3 e4 32. Rb1 Bc2 33. Re1 Bxb2 34. Ra2 Bxd3 35. f3 Bc3 36. Rd1 Qb3 37. Rxd3 exd3 38. Ra7 d2 39. f4 d1=Q 40. Rb7 Qxb7 41. Bxb7 Bd4 42. Kh3 Qf1+ 43. Kh4 Kh8 44. Bd5 Qf2 45. Be6 Qh2+ 46. Kg5 Bf6+ 47. Kxf5 Bd4+ 48. Kg4 Rf6 49. f5 Qxh6 50. Kf3 Qg5 51. g4 Rxe6 52. fxe6 Qf6+ 53. Ke4 Qxe6+ 54. Kf4 Qf6+ 55. Kg3 Be5+ 56. Kh3 Qf3+ 57. Kh4 Qg3+ 58. Kg5 Kg7 59. Kf5 Qf4+ 60. Ke6 Qf7# 0-1


[Site "https://www.chess.com"]

[Event "Titled Tuesday Blitz January 10 Early 2023"]
[White "Skurikhin, Dmitrij"]
[Black "Novikov, Evgenij"]
[WhiteFideId "4161297"]
[BlackFideId "4125380"]
[WhiteElo "2297"]
[BlackElo "2276"]
[Result "0-1"]
[Round "02"]
[TimeControl "180+2"]
[Date "2023.01.10"]
[WhiteClock "0:00:17"]
[BlackClock "0:02:23"]

1. d4 Nf6 2. Nf3 d5 3. c4 c6 4. Nc3 a6 5. c5 b6 6. Bf4 Nbd7 7. cxb6 Qxb6 8. Rb1 e6 9. e3 c5 10. dxc5 Bxc5 11. Bd3 O-O 12. O-O Bd6 13. Bg3 Bxg3 14. hxg3 Bb7 15. b3 Rfc8 16. Na4 Qd8 17. Rc1 Rxc1 18. Qxc1 Rc8 19. Qb2 Qc7 20. Re1 Nc5 21. Nxc5 Qxc5 22. Ne5 Ne4 23. Bxe4 dxe4 24. Rd1 Bd5 25. g4 h6 26. Nc4 Bxc4 27. bxc4 Qxc4 28. Rd4 Qc1+ 29. Qxc1 Rxc1+ 30. Kh2 Rc2 31. Ra4 Rxf2 32. Rxa6 Re2 33. a4 Rxe3 34. a5 Ra3 35. Ra8+ Kh7 36. a6 Kg6 37. g5 hxg5 0-1


[Site "https://www.chess.com"]

[Event "Titled Tuesday Blitz January 10 Early 2023"]
[White "Riverol, Jose"]
[Black "Della Corte, Alessandro"]
[WhiteFideId "3000427"]
[BlackFideId "813540"]
[WhiteElo "2304"]
[BlackElo "2160"]
[Result "0-1"]
[Round "02"]
[TimeControl "180+2"]
[Date "2023.01.10"]
[WhiteClock "0:00:22"]
[BlackClock "0:01:30"]

1. d4 d5 2. Nf3 Nf6 3. c4 e6 4. Nc3 Be7 5. Bg5 O-O 6. e3 Nbd7 7. Rc1 dxc4 8. Bxc4 c5 9. O-O a6 10. a4 cxd4 11. Nxd4 Qa5 12. Bh4 Ne5 13. Bb3 Ng6 14. Bg3 e5 15. Nf3 Rd8 16. Qe2 Qb4 17. Qc4 Qxc4 18. Bxc4 Nd7 19. Rfd1 Kf8 20. Nd5 f6 21. Nc7 Nb6 22. Rxd8+ Bxd8 23. Nxa8 Nxa8 24. Nd2 Nb6 25. Bb3 Bd7 26. a5 Na4 27. Bxa4 Bxa4 28. Rc8 Ke7 29. b4 Bc6 30. e4 Kd7 31. Ra8 Nf8 32. f3 Ne6 33. Bf2 Nf4 34. Nb3 Nd3 35. Nc5+ Nxc5 36. Bxc5 h5 37. Kf2 Bb5 38. Ke3 Bf1 39. g3 Bb5 40. f4 Bc6 41. fxe5 fxe5 42. Bf8 g6 43. Bg7 Bc7 44. Rg8 Bd6 45. Bf8 Bxf8 46. Rxf8 Ke7 47. Rg8 Kf7 48. Rb8 Kf6 49. h3 g5 50. h4 gxh4 51. gxh4 Kg6 52. Rf8 Bd7 53. Rf5 Bxf5 0-1


[Site "https://www.chess.com"]

[Event "Titled Tuesday Blitz January 10 Early 2023"]
[White "Estrada Nieto, Julian"]
[Black "Lauridsen, Jesper Morch"]
[WhiteFideId "5101018"]
[BlackFideId "1401890"]
[WhiteElo "2215"]
[BlackElo "2309"]
[Result "1-0"]
[Round "02"]
[TimeControl "180+2"]
[Date "2023.01.10"]
[WhiteClock "0:00:51"]
[BlackClock "0:00:09"]

1. e4 c5 2. Nf3 e6 3. c3 Nf6 4. e5 Nd5 5. Bc4 d6 6. d4 cxd4 7. cxd4 Nc6 8. O-O Be7 9. Qe2 O-O 10. Bd2 Bd7 11. Nc3 Nb6 12. Bd3 Nb4 13. Bb1 Rc8 14. Ne4 dxe5 15. Bxb4 Bxb4 16. dxe5 Qc7 17. Neg5 g6 18. Bd3 Nd5 19. Qe4 f5 20. Qh4 h5 21. Nh3 Be7 22. Qg3 Kg7 23. Nf4 h4 24. Qxg6+ 1-0


[Site "https://www.chess.com"]

[Event "Titled Tuesday Blitz January 10 Early 2023"]
[White "Ivanova, Karina"]
[Black "Heinemann, Josefine"]
[WhiteFideId "24139750"]
[BlackFideId "12900460"]
[WhiteElo "2085"]
[BlackElo "2289"]
[Result "1/2-1/2"]
[Round "02"]
[TimeControl "180+2"]
[Date "2023.01.10"]
[WhiteClock "0:00:10"]
[BlackClock "0:00:18"]

1. Nf3 Nf6 2. g3 g6 3. Bg2 Bg7 4. O-O O-O 5. d4 d5 6. c4 c6 7. b3 dxc4 8. bxc4 c5 9. Bb2 cxd4 10. Nxd4 Qb6 11. Nb3 Nc6 12. Nc3 Be6 13. c5 Qc7 14. Nb5 Qc8 15. Re1 Rd8 16. Qc1 Bh3 17. Bh1 a6 18. N5d4 Bd7 19. Bg2 Re8 20. Rd1 Nxd4 21. Nxd4 e5 22. c6 bxc6 23. Nxc6 e4 24. Ne5 Ba4 25. Re1 Qxc1 26. Raxc1 Rac8 27. Nc4 Red8 28. Nb6 Rxc1 29. Rxc1 Bb5 30. e3 h5 31. Bd4 Ng4 32. Bxg7 Kxg7 33. a4 Be8 34. Bxe4 Rd2 35. Rf1 Rb2 36. a5 Bb5 37. h3 Bxf1 38. hxg4 Bb5 39. gxh5 gxh5 40. Bb7 Ra2 41. Nd5 Rxa5 42. Nf4 Ra1+ 43. Kg2 a5 44. Nxh5+ Kf8 45. Nf4 a4 46. Bd5 a3 47. Nh5 a2 48. Nf6 Ke7 49. Ne4 f5 50. Nc3 Bc6 51. Bxc6 Rc1 52. Nxa2 Rxc6 53. Nb4 Rc4 54. Nd3 Kf6 55. Nf4 Rc2 56. Kf3 Rb2 57. Nd5+ Ke5 58. Nf4 Ra2 59. Nd3+ Kf6 60. Nf4 Ra3 61. Nd5+ Ke5 62. Nf4 Rb3 63. Nh5 Ke6 64. Nf4+ Kf6 65. Nd5+ Ke5 66. Nf4 Rb2 67. Nh5 Ra2 68. Nf4 Kf6 69. Nd5+ Ke6 70. Nf4+ Ke5 71. Ng6+ Kf6 72. Nf4 Kg5 73. Ne6+ Kf6 74. Nf4 1/2-1/2


[Site "https://www.chess.com"]

[Event "Titled Tuesday Blitz January 10 Early 2023"]
[White "Mesic, Ismet"]
[Black "Kornyukov, Alexey"]
[WhiteFideId "14411105"]
[BlackFideId "4150457"]
[WhiteElo "2190"]
[BlackElo "2452"]
[Result "1-0"]
[Round "02"]
[TimeControl "180+2"]
[Date "2023.01.10"]
[WhiteClock "0:00:25"]
[BlackClock "0:00:13"]

1. b3 e5 2. Bb2 Nc6 3. c4 Nf6 4. e3 Bb4 5. a3 Be7 6. d3 O-O 7. Nf3 d5 8. Nxe5 Nxe5 9. Bxe5 dxc4 10. bxc4 Bf5 11. Bc3 Qd7 12. Be2 Rfd8 13. e4 Bg6 14. O-O Qc6 15. Qc2 Nxe4 16. Bf3 f5 17. dxe4 fxe4 18. Be2 e3 19. Qb3 exf2+ 20. Kh1 Be4 21. c5+ Kh8 22. Rxf2 Bxc5 23. Bxg7+ Kxg7 24. Qg3+ Bg6 25. Qe5+ Kh6 26. Rf4 Bf2 27. Rxf2 Qc1+ 28. Rf1 Qg5 29. Qxg5+ Kxg5 30. Nc3 Bc2 31. Bf3 Rd2 32. Bxb7 Rg8 33. Bf3 Kh6 34. Rac1 Bd3 35. Rfd1 Rxd1+ 36. Rxd1 Ba6 37. Ne4 Re8 38. Nf6 Re6 39. Ng4+ Kg5 40. h3 h5 41. Nf2 Kf4 42. Kh2 h4 43. Nd3+ Bxd3 44. Rxd3 Ra6 45. Rc3 c6 46. Rc4+ Ke5 47. Rxc6 Rxa3 48. Rh6 a5 49. Rxh4 Ra1 50. Rh5+ Kf6 51. Rh8 a4 52. Ra8 a3 53. h4 a2 54. Bd5 Ke5 55. Rxa2 1-0


[Site "https://www.chess.com"]

[Event "Titled Tuesday Blitz January 10 Early 2023"]
[White "Shohat, Yotam"]
[Black "Cepo, Toni"]
[WhiteFideId "2813955"]
[BlackFideId "4675916"]
[WhiteElo "2346"]
[BlackElo "2145"]
[Result "1/2-1/2"]
[Round "02"]
[TimeControl "180+2"]
[Date "2023.01.10"]
[WhiteClock "0:00:04"]
[BlackClock "0:00:17"]

1. f4 d5 2. Nf3 c5 3. e3 Nc6 4. Bb5 Nf6 5. b3 g6 6. Bb2 Bg7 7. Bxc6+ bxc6 8. Be5 O-O 9. O-O Bg4 10. Nc3 Ne4 11. Bxg7 Kxg7 12. Nxe4 dxe4 13. h3 exf3 14. hxg4 fxg2 15. Kxg2 Qd5+ 16. Rf3 Rad8 17. d3 Qe6 18. Rh3 Rd5 19. Qf3 Rh8 20. Rah1 h5 21. gxh5 Rdxh5 22. Rxh5 Rxh5 23. Rxh5 gxh5 24. e4 Qg6+ 25. Qg3 Qxg3+ 26. Kxg3 Kg6 27. Kh4 e6 28. c3 a5 29. a3 f6 30. d4 cxd4 31. cxd4 f5 32. e5 Kh6 33. Kg3 Kg6 34. Kh4 Kh6 35. b4 axb4 36. axb4 Kg6 37. Kh3 Kh6 38. Kg3 Kg6 39. Kf3 h4 40. Kg2 Kh6 41. Kh3 Kh5 42. Kh2 Kh6 43. Kh3 Kh5 44. Kg2 Kh6 45. Kf3 Kh5 46. Kg2 Kh6 1/2-1/2


[Site "https://www.chess.com"]

[Event "Titled Tuesday Blitz January 10 Early 2023"]
[White "Erzhanov, Arman"]
[Black "Hon, Eric"]
[WhiteFideId "4138821"]
[BlackFideId "2097117"]
[WhiteElo "2228"]
[BlackElo "1897"]
[Result "0-1"]
[Round "02"]
[TimeControl "180+2"]
[Date "2023.01.10"]
[WhiteClock "0:00:18"]
[BlackClock "0:00:47"]

1. e4 c5 2. Nf3 d6 3. Bb5+ Bd7 4. Bxd7+ Qxd7 5. O-O Nf6 6. Re1 e5 7. c3 Nc6 8. d4 g6 9. a4 Bg7 10. Na3 O-O 11. Nc4 cxd4 12. cxd4 exd4 13. Nxd4 Rfe8 14. Nb5 d5 15. Ncd6 Re6 16. exd5 Rxe1+ 17. Qxe1 Nxd5 18. Qd1 a6 19. Qxd5 axb5 20. a5 Be5 21. Qxb5 Qxd6 22. Be3 Qb4 23. Qd5 Rxa5 24. Rxa5 Qxa5 25. Qd7 Qe1# 0-1


[Site "https://www.chess.com"]

[Event "Titled Tuesday Blitz January 10 Early 2023"]
[White "Fabris, Alberto"]
[Black "Degenbaev, Aziz"]
[WhiteFideId "801348"]
[BlackFideId "13802640"]
[WhiteElo "2230"]
[BlackElo "2203"]
[Result "1-0"]
[Round "02"]
[TimeControl "180+2"]
[Date "2023.01.10"]
[WhiteClock "0:02:11"]
[BlackClock "0:01:53"]

1. e4 e6 2. d4 d5 3. Nc3 Nf6 4. Bg5 Be7 5. e5 Nfd7 6. Bxe7 Qxe7 7. Nb5 Na6 8. c3 O-O 9. Bd3 c5 10. Nf3 cxd4 11. cxd4 Nb4 12. Bb1 b6 13. a3 Ba6 14. Nc3 Nc6 15. Bd3 Bxd3 16. Qxd3 a6 17. O-O b5 18. b4 Nb6 19. Nd2 Nc4 20. Nb3 h6 21. Nc5 Qh4 22. Ne2 Rfd8 23. g3 Qe4 24. Nxe4 dxe4 25. Qxe4 1-0


[Site "https://www.chess.com"]

[Event "Titled Tuesday Blitz January 10 Early 2023"]
[White "Manukian, Artak"]
[Black "Torres Dominguez, David"]
[WhiteFideId "13301373"]
[BlackFideId "2220857"]
[WhiteElo "2196"]
[BlackElo "1994"]
[Result "0-1"]
[Round "02"]
[TimeControl "180+2"]
[Date "2023.01.10"]
[WhiteClock "0:00:39"]
[BlackClock "0:00:36"]

1. e4 Nc6 2. Nf3 e5 3. d4 exd4 4. Nxd4 Nf6 5. Nxc6 bxc6 6. e5 Qe7 7. Qe2 Nd5 8. c4 Ba6 9. b3 g6 10. g3 Bg7 11. Bb2 O-O-O 12. Bg2 d6 13. O-O dxe5 14. Re1 Rhe8 15. Nc3 f5 16. Rad1 e4 17. Nxd5 cxd5 18. Bxg7 Qxg7 19. Qe3 d4 20. Qc1 d3 21. Qa3 Qf6 22. b4 Qb6 23. b5 Bb7 24. Qb4 Qd4 25. Rd2 g5 26. Bh3 e3 27. Bxf5+ Kb8 28. fxe3 Rxe3 29. Rxe3 Qxe3+ 30. Kf1 Qf3+ 31. Kg1 Qxf5 32. Qe7 Rf8 33. Rd1 Qf2# 0-1


[Site "https://www.chess.com"]

[Event "Titled Tuesday Blitz January 10 Early 2023"]
[White "Michalski, Olaf"]
[Black "Chernomordik, Pavel"]
[WhiteFideId "1106740"]
[BlackFideId "2804530"]
[WhiteElo "2273"]
[BlackElo "2150"]
[Result "0-1"]
[Round "02"]
[TimeControl "180+2"]
[Date "2023.01.10"]
[WhiteClock "0:00:01"]
[BlackClock "0:00:55"]

1. d4 g6 2. c4 Bg7 3. Nc3 d6 4. e4 c6 5. Be2 a6 6. Nf3 Nf6 7. O-O O-O 8. Bg5 h6 9. Bf4 b5 10. a3 bxc4 11. Bxc4 d5 12. exd5 Nxd5 13. Be5 Nb6 14. Ba2 a5 15. Re1 e6 16. Qd2 Ba6 17. Qf4 Nd5 18. Qg3 Nd7 19. Bxg7 Kxg7 20. Ne4 Bd3 21. Rac1 Bxe4 22. Rxe4 Qb6 23. Rc2 N7f6 24. Re1 Rac8 25. Qe5 Qb8 26. Qxb8 Rxb8 27. Ne5 Rb6 28. Rec1 Rfb8 29. b3 Nf4 30. Kf1 Rd8 31. Nxc6 Rd6 32. b4 axb4 33. axb4 Nd3 34. Rb1 Rdxc6 0-1


[Site "https://www.chess.com"]

[Event "Titled Tuesday Blitz January 10 Early 2023"]
[White "Kupervaser, Erez"]
[Black "Tarnowska, Aleksandra"]
[WhiteFideId "2814587"]
[BlackFideId "1180967"]
[WhiteElo "2269"]
[BlackElo "1835"]
[Result "1-0"]
[Round "02"]
[TimeControl "180+2"]
[Date "2023.01.10"]
[WhiteClock "0:01:00"]
[BlackClock "0:00:01"]

1. e4 c5 2. Nf3 e6 3. d4 cxd4 4. Nxd4 a6 5. Nc3 Qc7 6. g3 Nf6 7. Bg2 Be7 8. O-O O-O 9. Re1 d6 10. a4 Nc6 11. Nxc6 bxc6 12. a5 Bb7 13. Be3 d5 14. Bb6 Qd7 15. e5 Ne8 16. Qg4 c5 17. Rad1 d4 18. Ne4 Qc6 19. Qh3 Qd7 20. c3 d3 21. Bxc5 h6 22. Bxe7 Qxe7 23. Rxd3 Rd8 24. Red1 Rxd3 25. Rxd3 Bd5 26. Nd6 Bxg2 27. Qxg2 Qc7 28. Qe4 Qxa5 29. Kg2 Qa2 30. b4 Qb3 31. Qc6 Qc2 32. Rf3 Nxd6 33. exd6 Qd2 34. c4 Rd8 35. c5 Qd5 36. Qxd5 exd5 37. Ra3 Kf8 38. Rxa6 Rb8 39. c6 Ke8 40. c7 Rc8 41. Kf3 Kd7 42. Ke3 f5 43. Kd4 g5 44. Kxd5 f4 45. b5 fxg3 46. fxg3 h5 47. b6 h4 48. gxh4 1-0


[Site "https://www.chess.com"]

[Event "Titled Tuesday Blitz January 10 Early 2023"]
[White "Cardozo Munar, Carlos Eduardo"]
[Black "Avazkhonov, Alikhon"]
[WhiteFideId "4409477"]
[BlackFideId "14208504"]
[WhiteElo "2043"]
[BlackElo "1538"]
[Result "0-1"]
[Round "02"]
[TimeControl "180+2"]
[Date "2023.01.10"]
[WhiteClock "0:00:23"]
[BlackClock "0:00:07"]

1. d4 Nf6 2. Bg5 Ne4 3. h4 c5 4. d5 Qb6 5. Nd2 h6 6. Nxe4 hxg5 7. Nxg5 Qxb2 8. Rb1 Qxa2 9. e4 g6 10. Rh3 Bg7 11. Rhb3 Qa5+ 12. Qd2 Qxd2+ 13. Kxd2 Rxh4 14. N1f3 Rh1 15. e5 d6 16. e6 Kf8 17. Nxf7 Rh5 18. c4 Na6 19. Bd3 Nb4 20. Bxg6 Rh6 21. Nxh6 Bxh6+ 22. Ke2 b5 23. Bd3 bxc4 24. Bxc4 a5 25. Rh1 a4 26. Ra3 Bg7 27. Ng5 Bb2 28. Rf3+ Kg8 29. Bd3 Nxd3 30. Kxd3 a3 31. Kc2 Bf6 32. Ne4 Bg7 33. Rg3 a2 34. Kb3 a1=Q 35. Rxa1 Rxa1 36. Ng5 Rb1+ 37. Kc4 Rb4+ 38. Kd3 Rd4+ 39. Ke2 Rxd5 40. f4 Rf5 41. Kf3 Ba6 42. Kg4 Rf6 43. f5 Bc4 44. Rf3 Bh6 45. Ne4 Rf8 46. Kh5 Bg7 47. g4 Bf6 48. Kg6 Bd5 49. Re3 Bxe4 50. Rxe4 Bd4 51. g5 Bg7 52. f6 Bxf6 53. gxf6 Rxf6+ 54. Kg5 d5 55. Re5 d4 56. Rxc5 Rxe6 57. Rd5 Rd6 58. Rxd6 exd6 59. Kf5 d3 60. Ke4 d2 61. Kd5 d1=Q+ 62. Kc6 Qb3 63. Kxd6 Qc4 64. Ke5 Kf7 65. Kf5 Qd3+ 66. Ke5 Ke7 67. Kf4 Qe2 68. Kf5 Qe3 69. Kg6 Qf4 70. Kg7 Qf5 0-1


[Site "https://www.chess.com"]

[Event "Titled Tuesday Blitz January 10 Early 2023"]
[White "Guevara Sanchez, Erick Marvin"]
[Black "Guliev, Logman"]
[WhiteFideId "6700136"]
[BlackFideId "13400061"]
[WhiteElo "2073"]
[BlackElo "2250"]
[Result "1-0"]
[Round "02"]
[TimeControl "180+2"]
[Date "2023.01.10"]
[WhiteClock "0:01:34"]
[BlackClock "0:00:50"]

1. e4 c5 2. Nf3 d6 3. d4 cxd4 4. Nxd4 Nf6 5. Nc3 Nc6 6. Be2 e5 7. Nb3 Be7 8. O-O O-O 9. f4 a5 10. a4 Nb4 11. f5 Bd7 12. Be3 Bc6 13. Bf3 d5 14. exd5 Nfxd5 15. Nxd5 Nxd5 16. Bf2 Nb4 17. Bxc6 Nxc6 18. Qg4 Qc8 19. Rad1 Kh8 20. Be3 Bf6 21. Bg5 Bxg5 22. Qxg5 f6 23. Qg4 Rd8 24. Nc5 Rxd1 25. Rxd1 Nd4 26. Ne6 Nxe6 27. fxe6 Qc5+ 28. Kh1 Re8 29. Rd7 g6 30. Qh4 g5 31. Qxh7# 1-0


[Site "https://www.chess.com"]

[Event "Titled Tuesday Blitz January 10 Early 2023"]
[White "Levine, David"]
[Black "Bon, Michael"]
[WhiteFideId "2011611"]
[BlackFideId "620696"]
[WhiteElo "2040"]
[BlackElo "2394"]
[Result "0-1"]
[Round "02"]
[TimeControl "180+2"]
[Date "2023.01.10"]
[WhiteClock "0:00:26"]
[BlackClock "0:00:02"]

1. d4 d5 2. c4 Nc6 3. cxd5 Qxd5 4. Nf3 e5 5. Nc3 Bb4 6. Bd2 Bxc3 7. Bxc3 e4 8. Ne5 e3 9. fxe3 Nf6 10. Nd3 O-O 11. Nf4 Qg5 12. g3 Re8 13. Qc1 Ng4 14. Bd2 Bf5 15. Bg2 Nxh2 16. Kf2 Ng4+ 17. Kg1 Be4 18. Bf3 Bxf3 19. exf3 Nxe3 20. Bxe3 Qxg3+ 21. Ng2 Rad8 22. Qd2 Ne5 23. Rf1 Nxf3+ 24. Rxf3 Qxf3 25. Rh4 Rd6 26. Rf4 Qh5 27. Rh4 Qf5 28. Rf4 Qb1+ 29. Kh2 Rh6+ 30. Kg3 Rg6+ 31. Kh2 Qxa2 32. d5 Qa6 33. Qf2 Qd6 34. Kg1 Qxd5 35. Bd4 Re4 36. Rxe4 Qxe4 37. Bxa7 b6 38. Bb8 Qc6 39. Kh1 Qb7 0-1


[Site "https://www.chess.com"]

[Event "Titled Tuesday Blitz January 10 Early 2023"]
[White "Simonovic, Miroslav"]
[Black "Goldin, Roman"]
[WhiteFideId "919152"]
[BlackFideId "2803860"]
[WhiteElo "2082"]
[BlackElo "2322"]
[Result "0-1"]
[Round "02"]
[TimeControl "180+2"]
[Date "2023.01.10"]
[WhiteClock "0:00:16"]
[BlackClock "0:00:51"]

1. d4 Nf6 2. Bg5 e6 3. e4 c5 4. Bxf6 gxf6 5. c3 cxd4 6. cxd4 Qb6 7. Qc2 Nc6 8. d5 Nb4 9. Qb3 Bc5 10. Nh3 a5 11. Nc3 Bd4 12. a3 Nxd5 13. Qxb6 Bxc3+ 14. bxc3 Nxb6 15. O-O-O Ke7 16. f4 d6 17. Bb5 Bd7 18. Bxd7 Nxd7 19. Nf2 Rac8 20. Kb2 Nb6 21. Rd4 e5 22. Rd3 Rhg8 23. g3 exf4 24. gxf4 Rg2 25. Rf3 Nc4+ 26. Kc1 Nxa3 27. Rd1 b5 28. Rd2 b4 29. Nd1 Rxd2 30. Kxd2 Nb1+ 31. Kc2 Nxc3 32. Nxc3 Rxc3+ 33. Rxc3 bxc3 34. Kxc3 f5 35. exf5 Kf6 36. Kc4 Kxf5 37. Kb5 Kxf4 38. Kxa5 d5 39. Kb4 d4 40. Kc4 Ke3 0-1


[Site "https://www.chess.com"]

[Event "Titled Tuesday Blitz January 10 Early 2023"]
[White "Osinovsky, Stepan"]
[Black "Winkels, Marcel"]
[WhiteFideId "4157354"]
[BlackFideId "1003887"]
[WhiteElo "2241"]
[BlackElo "1960"]
[Result "1-0"]
[Round "02"]
[TimeControl "180+2"]
[Date "2023.01.10"]
[WhiteClock "0:00:14"]
[BlackClock "0:00:31"]

1. Nf3 Nf6 2. g3 d5 3. Bg2 g6 4. O-O Bg7 5. d3 O-O 6. Nbd2 c5 7. e4 dxe4 8. dxe4 Nc6 9. Qe2 Bg4 10. h3 Nd4 11. Qd1 Nxf3+ 12. Nxf3 Qxd1 13. Rxd1 Bxf3 14. Bxf3 Rfd8 15. Be3 Rac8 16. Rxd8+ Rxd8 17. Bxc5 Rd2 18. Rc1 Nd7 19. Be3 Rd6 20. Rd1 Rxd1+ 21. Bxd1 Bxb2 22. Bxa7 b6 23. Be2 Bd4 24. Kf1 Nf6 25. Bd3 Ne8 26. Bb8 e5 27. Ke2 Kf8 28. f4 f6 29. Kd2 Ke7 30. fxe5 fxe5 31. c3 Bc5 32. Bxe5 Nd6 33. Bd4 Nf7 34. e5 Ke6 35. Bc4+ Ke7 36. Bxf7 Kxf7 37. Bxc5 bxc5 38. Kd3 Ke6 39. Ke4 1-0


[Site "https://www.chess.com"]

[Event "Titled Tuesday Blitz January 10 Early 2023"]
[White "Sihite, Chelsie Monica Ignesias"]
[Black "Rosh Jain"]
[WhiteFideId "7101198"]
[BlackFideId "25789465"]
[WhiteElo "2266"]
[BlackElo "2248"]
[Result "1-0"]
[Round "02"]
[TimeControl "180+2"]
[Date "2023.01.10"]
[WhiteClock "0:00:40"]
[BlackClock "0:00:02"]

1. e4 c5 2. Nf3 d6 3. d4 cxd4 4. Nxd4 Nf6 5. Nc3 a6 6. Be2 e5 7. Nf3 Be7 8. Be3 Be6 9. O-O O-O 10. Ng5 Bd7 11. f4 Bc6 12. Bf3 Nbd7 13. Qe1 exf4 14. Bxf4 Ne5 15. Kh1 h6 16. Nh3 Qb6 17. Rb1 Rfe8 18. Qg3 Kh8 19. Be2 Bf8 20. Bd3 Ng6 21. Bxh6 Qc7 22. Nf4 Nxf4 23. Bxf4 Kg8 24. Bg5 Nxe4 25. Qh4 Nxg5 26. Qxg5 Qe7 27. Qh5 g6 28. Qg4 Bg7 29. Ne2 Qe5 30. Nf4 d5 31. Nxg6 fxg6 32. Qxg6 Qe4 33. Qf7+ Kh8 34. Bxe4 Rxe4 35. Rf5 Rh4 36. Rbf1 1-0


[Site "https://www.chess.com"]

[Event "Titled Tuesday Blitz January 10 Early 2023"]
[White "Souza, Gustavo Horokoski De"]
[Black "Kirillov, Dmitry"]
[WhiteFideId "2146584"]
[BlackFideId "34180572"]
[WhiteElo "1943"]
[BlackElo "2179"]
[Result "0-1"]
[Round "02"]
[TimeControl "180+2"]
[Date "2023.01.10"]
[WhiteClock "0:00:04"]
[BlackClock "0:00:27"]

1. d4 d5 2. c4 e6 3. Nc3 Bb4 4. cxd5 exd5 5. Nf3 Nf6 6. Bg5 h6 7. Bh4 c6 8. e3 Bf5 9. Qb3 Bxc3+ 10. bxc3 g5 11. Bg3 Qb6 12. h4 g4 13. Ne5 Nbd7 14. h5 O-O 15. Bd3 Bxd3 16. Nxd3 Ne4 17. Bf4 Kg7 18. c4 Qa5+ 19. Qb4 Qxb4+ 20. Nxb4 dxc4 21. a4 a5 22. Na2 b5 23. Rb1 b4 24. Rc1 c3 25. Rb1 f5 26. Nc1 Nd2 27. Ra1 Nb6 28. Be5+ Kf7 29. Bd6 Rfe8 30. Bc5 Nd5 31. Na2 Nb3 32. Rb1 Nxc5 33. dxc5 g3 34. Kf1 gxf2 35. Kxf2 Rxe3 36. Rhe1 Rae8 37. Rxe3 Nxe3 38. Rd1 Nxd1+ 0-1


[Site "https://www.chess.com"]

[Event "Titled Tuesday Blitz January 10 Early 2023"]
[White "Sreyas Payyappat"]
[Black "Kovacevic, Radmila"]
[WhiteFideId "46674969"]
[BlackFideId "933171"]
[WhiteElo "2076"]
[BlackElo "2106"]
[Result "1-0"]
[Round "02"]
[TimeControl "180+2"]
[Date "2023.01.10"]
[WhiteClock "0:00:23"]
[BlackClock "0:00:10"]

1. e4 e5 2. Nf3 d5 3. Nxe5 Bd6 4. d4 dxe4 5. Bf4 Nf6 6. Nc3 O-O 7. Bc4 c6 8. O-O Bf5 9. Re1 b5 10. Bb3 Qc7 11. Qe2 a5 12. a4 b4 13. Nd1 Nbd7 14. Ne3 Nxe5 15. dxe5 Bxe5 16. Nxf5 Bxf4 17. g3 Qe5 18. Nh4 Bh6 19. Rab1 g6 20. f4 Qe7 21. Rbd1 Rfe8 22. Qe3 Ng4 23. Qe2 Qc5+ 24. Kh1 Nf6 25. Ng2 Re7 26. Ne3 Bg7 27. Kg2 Nh5 28. Qd3 Rae8 29. Qc4 Qb6 30. Ng4 Bxb2 31. Nh6+ Kg7 32. Nxf7 Rf8 33. Ng5 c5 34. Ne6+ Rxe6 35. Qxe6 Rxf4 36. Rd7+ Kh6 37. Qxb6 Rf6 38. Qc7 Bd4 39. Rxh7+ Kg5 40. h4+ Kg4 41. Qd7+ Rf5 42. Rxe4+ Nf4+ 43. Rxf4# 1-0


[Site "https://www.chess.com"]

[Event "Titled Tuesday Blitz January 10 Early 2023"]
[White "Johnson, Ben"]
[Black "Legenia, Artem"]
[WhiteFideId "2010917"]
[BlackFideId "14136945"]
[WhiteElo "1961"]
[BlackElo "2092"]
[Result "0-1"]
[Round "02"]
[TimeControl "180+2"]
[Date "2023.01.10"]
[WhiteClock "0:00:02"]
[BlackClock "0:00:37"]

1. Nf3 d5 2. e3 Bg4 3. c4 e6 4. cxd5 exd5 5. Qb3 Bc8 6. Nc3 Nf6 7. d4 c6 8. Bd3 Bd6 9. O-O O-O 10. e4 dxe4 11. Nxe4 Nxe4 12. Bxe4 Nd7 13. Bg5 Qb6 14. Qc2 h6 15. Bh4 Qa5 16. Rfe1 Qh5 17. Bg3 Bxg3 18. hxg3 Nf6 19. Qc5 Bg4 20. Qxh5 Bxh5 21. Bf5 Bxf3 22. gxf3 Rfe8 23. Kf1 Rad8 24. Rad1 Rxe1+ 25. Kxe1 g6 26. Bc2 Kf8 27. Ke2 h5 28. Bb3 Nd5 29. a3 Ke7 30. Rg1 Nf6 31. Ke3 Kd6 32. g4 Ke7 33. gxh5 Nxh5 34. Rg5 Nf6 35. Ra5 a6 36. Re5+ Kf8 37. Bc4 Re8 38. b4 Nd7 39. Re4 Rd8 40. Bb3 Ra8 41. a4 a5 42. d5 cxd5 43. Bxd5 Nf6 0-1


[Site "https://www.chess.com"]

[Event "Titled Tuesday Blitz January 10 Early 2023"]
[White "Fernandez Garcia, Gumersindo"]
[Black "Fajdetic, Hrvoje"]
[WhiteFideId "24516740"]
[BlackFideId "14501945"]
[WhiteElo "2160"]
[BlackElo "2151"]
[Result "1-0"]
[Round "02"]
[TimeControl "180+2"]
[Date "2023.01.10"]
[WhiteClock "0:00:16"]
[BlackClock "0:00:04"]

1. e4 e6 2. d4 d5 3. Bd3 dxe4 4. Bxe4 Nf6 5. Bf3 Nbd7 6. Ne2 Bd6 7. O-O e5 8. Re1 O-O 9. Ng3 exd4 10. Qxd4 Nc5 11. Bg5 Ne6 12. Qh4 Nxg5 13. Qxg5 c6 14. Nc3 Bxg3 15. hxg3 Qb6 16. b3 Be6 17. Ne4 Nxe4 18. Rxe4 f6 19. Qf4 Bf7 20. Re7 Rfe8 21. Rae1 Qc5 22. Qc7 Qxc2 23. Qxb7 Rab8 24. Qxc6 Qxc6 25. Bxc6 Rxe7 26. Rxe7 Rb6 27. Bf3 Ra6 28. b4 h5 29. Re2 Rxa2 30. Rxa2 Bxa2 31. Bxh5 g5 32. Kf1 Kf8 33. Ke2 Ke7 34. Kd3 Kd6 35. Kd4 Bb1 36. Be2 Bf5 37. f4 Bd7 38. Bf3 Be8 39. Kc4 Bd7 40. Kd4 Be8 41. Ke4 Bd7 42. g4 gxf4 43. Kxf4 Ke6 44. g5 fxg5+ 45. Kxg5 Kf7 46. Bd5+ Kg7 47. g4 Be8 48. Kf4 Kf6 49. g5+ Kg7 50. Be4 Bd7 51. Ke5 Bb5 52. Kd6 Be2 53. Kc7 a6 54. Kb6 Bf1 55. Kc5 Be2 56. Kd4 Bb5 57. Bd3 1-0


[Site "https://www.chess.com"]

[Event "Titled Tuesday Blitz January 10 Early 2023"]
[White "Kho, Darrell"]
[Black "Devaev, Alexander"]
[WhiteFideId "1019317"]
[BlackFideId "4169395"]
[WhiteElo "2075"]
[BlackElo "2325"]
[Result "1-0"]
[Round "02"]
[TimeControl "180+2"]
[Date "2023.01.10"]
[WhiteClock "0:00:05"]
[BlackClock "0:00:02"]

1. e4 c6 2. Nc3 d5 3. Nf3 dxe4 4. Nxe4 Nf6 5. Qe2 Nxe4 6. Qxe4 Qd5 7. Qf4 Qe6+ 8. Qe3 g6 9. d4 Bg7 10. c3 O-O 11. Bd3 Qxe3+ 12. Bxe3 Nd7 13. O-O-O a5 14. a4 Nb6 15. b3 Be6 16. Kc2 Bg4 17. Be4 Rfd8 18. h3 Be6 19. c4 Nd7 20. Ng5 Bf5 21. Bxf5 gxf5 22. d5 cxd5 23. Rxd5 e6 24. Rb5 Ne5 25. Rxb7 h6 26. Nf3 Nc6 27. Kc1 Nb4 28. Ne1 Rac8 29. Nc2 Nd3+ 30. Kb1 Bc3 31. Rd1 Ne5 32. Rxd8+ Rxd8 33. Bc1 Rd1 34. Ne3 Rg1 35. Kc2 Bb4 36. Rb8+ Kg7 37. Bd2 Nc6 38. Rb6 Nd4+ 39. Kd3 Bxd2 40. Kxd2 Rb1 41. Kc3 Ne2+ 42. Kc2 Ra1 43. Kb2 Re1 44. c5 1-0


[Site "https://www.chess.com"]